 Dungeon Crawl Stone Soup version 0.31-a0-180-g519b7de00c (webtiles) character file.

Game seed: 13752003187406581312

54 qw the Shooter (level 3, -4/32 HPs)
             Began as a Naga Hunter on June 19, 2023.
             Slain by a gnoll
             ... wielding a +0 spear
              (8 damage)
             ... on level 2 of the Dungeon.
             The game lasted 00:00:12 (615 turns).

qw the Shooter (Naga Hunter)                         Turns: 615, Time: 00:00:13

Health: -4/32      AC:  2    Str: 13    XL:     3   Next: 91%
Magic:  3/3        EV:  9    Int:  9    God:
Gold:   47         SH:  0    Dex: 16    Spells: 2/2 levels left

rFire   . . .        a - +0 shortbow
rCold   . . .        (shield currently unavailable)
rNeg    . . .        c - +0 leather armour
rPois   +            (no helmet)
rElec   .            (no cloak)
rCorr   .            (no gloves)
SInv    +            (no barding)
Will    .....        (no amulet)
Stlth   ++           (no ring)
HPRegen 0.25/turn    (no ring)
MPRegen 0.08/turn

%: no passive effects
@: short of breath, very slow
A: AC +1, large, see invisible, deformed body, poison resistance, slowness 2,
spit poison 1, naga tail 1
a: Spit Poison


You were on level 2 of the Dungeon.
You visited 1 branch of the dungeon, and saw 2 of its levels.

You collected 47 gold pieces.


Innate Abilities, Weirdness & Mutations

Your serpentine skin is tough. (AC +1)
You have supernaturally acute eyesight. (SInv)
Armour fits poorly on your strangely shaped body.
Your system is resistant to poisons. (rPois)
You cover ground very slowly.
You can spit poison.
You have a snake-like lower body.


   Skills:
 - Level 2.0 Fighting
 + Level 4.9 Ranged Weapons
 - Level 1.5 Dodging
 - Level 1.5 Stealth


You had 2 spell levels left.
You didn't know any spells.
Your spell library was empty.

Inventory:

Hand Weapons
 a - a +0 shortbow (weapon)
Armour
 c - a +0 leather armour (worn)
Potions
 b - a potion of curing {unknown}
 d - a potion of heal wounds {unknown}
 e - a potion of mutation {unknown}
 f - a potion of cancellation

Dungeon Overview and Level Annotations

Branches:
Dungeon (2/15)

Altars:


Message History

You shoot an arrow.
The arrow hits the gnoll but does no damage.
The gnoll is heavily wounded.
You hear an angry hiss.
The gnoll hits you with a +0 club.
You shoot an arrow.
The arrow hits the gnoll but does no damage.
The gnoll is severely wounded.
You have got your breath back.
The gnoll looks more healthy.
The gnoll hits you with a +0 club.
A gnoll comes into view. It is wielding a +0 spear.
610 ||| INVOKING Spit Poison.
Aiming: Spit Poison (2% risk of failure)
Press: ? - help, Shift-Dir - straight line, f/p - gnoll The splash of poison hits the gnoll.
The gnoll is poisoned.
You kill the gnoll!
The gnoll hits you from afar with a +0 spear.
You shoot an arrow. The arrow barely misses the endoplasm.
The endoplasm closely misses you.
The gnoll hits you from afar with a +0 spear.
You shoot an arrow. The arrow hits the endoplasm.
The endoplasm is almost dead.
The gnoll completely misses you. The endoplasm freezes you.
You are frozen.
The endoplasm hits you but does no damage.
The gnoll hits you from afar with a +0 spear.
You shoot an arrow. The arrow hits the endoplasm!
You kill the endoplasm!
The gnoll hits you from afar with a +0 spear.
You shoot an arrow. The arrow hits the gnoll.
The gnoll is moderately wounded.
You have got your breath back.
The gnoll hits you but does no damage.
615 ||| INVOKING Spit Poison.
Aiming: Spit Poison (2% risk of failure)
Press: ? - help, Shift-Dir - straight line, f/p - gnoll The splash of poison misses the gnoll.
The gnoll hits you from afar with a +0 spear!
You die...

#..####
..######..#
.....(....#######
................#
.......#.######.#
######.#%# #.#.#
####.#
#.#g##.....#
#.#..@.# ..####)#
.# .# .# .# .. .#


You could see a gnoll.

Vanquished Creatures
  Jessica (D:2)
  A gnoll (D:2)
  2 dart slugs (D:1)
  2 endoplasms
  A goblin (D:1)
  A hobgoblin (D:2)
  4 jackals (D:1)
  A quokka (D:1)
  A kobold (D:1)
14 creatures vanquished.

Notes
Turn   | Place    | Note
-------+----------+-------------------------------------------
     0 | D:1      | qw the Naga Hunter began the quest for the Orb.
     0 | D:1      | Reached XP level 1. HP: 19/19 MP: 1/1
     0 | D:1      | 0 ||| qw: Version: 0.3-a-7-ge0c9b40
     0 | D:1      | 0 ||| qw: Game counter: 886
     0 | D:1      | 0 ||| qw: Always use a shield: true
     0 | D:1      | 0 ||| qw: God list: Okawaru
     0 | D:1      | 0 ||| qw: Allow faded altars: false
     0 | D:1      | 0 ||| qw: Do Orc after D:15 true
     0 | D:1      | 0 ||| qw: Do second Lair branch before Depths: true
     0 | D:1      | 0 ||| qw: Lair rune preference: random
     0 | D:1      | 0 ||| qw: Plans: Normal
     0 | D:1      | 0 ||| PLANNING D:1-11
    24 | D:1      | 24 ||| INVOKING Spit Poison.
    37 | D:1      | 37 ||| INVOKING Spit Poison.
    50 | D:1      | 50 ||| INVOKING Spit Poison.
    53 | D:1      | 53 ||| INVOKING Spit Poison.
    59 | D:1      | 59 ||| INVOKING Spit Poison.
    87 | D:1      | Reached skill level 4 in Ranged Weapons
    87 | D:1      | Reached XP level 2. HP: 21/26 MP: 2/2
   117 | D:1      | 117 ||| INVOKING Spit Poison.
   327 | D:1      | 327 ||| INVOKING Spit Poison.
   328 | D:1      | 328 ||| INVOKING Spit Poison.
   333 | D:1      | 333 ||| INVOKING Spit Poison.
   532 | D:1      | 532 ||| DROPPING scarf of invisibility.
   533 | D:1      | 533 ||| DRINKING 2 brown potions.
   534 | D:1      | 534 ||| DROPPING scroll of butterflies.
   572 | D:2      | Noticed Jessica
   573 | D:2      | 573 ||| INVOKING Spit Poison.
   575 | D:2      | Killed Jessica
   576 | D:2      | Reached XP level 3. HP: 32/32 MP: 3/3
   600 | D:2      | 600 ||| INVOKING Spit Poison.
   604 | D:2      | 604 ||| INVOKING Spit Poison.
   610 | D:2      | 610 ||| INVOKING Spit Poison.
   612 | D:2      | HP: 7/32 [gnoll/+0 spear (2)]
   615 | D:2      | 615 ||| INVOKING Spit Poison.
   615 | D:2      | Slain by a gnoll

Levels and vault maps discovered:
D:1:      kennysheep_arrival_seaside, layout_rooms, serial_bayou_crossing
D:2:      layout_loops_ring, minmay_misc_feat_square, minmay_crystal_water,
          uniq_jessica

Skill      XL: |  1 |
---------------+----+-----
Ranged Weapons | 4 |  4.9
Fighting       | |  2.0
Dodging        | |  1.5
Stealth        | |  1.5

Action                     || total
---------------------------++-------
   Fire: Shortbow          ||    37
Ability: Spit Poison       ||    13
    Use: Potion            ||     1
 Armour: Leather armour    ||     4
  Dodge: Dodged            ||    11

Table legend:
 A = Non-vault XP
 B = Vault XP
 C = Vault XP percentage of total XP
 D = Non-vault monster count
 E = Vault monster count
 F = Vault count percentage of total count
                 A         B        C        D         E       F
            +---------+---------+-------+---------+---------+-------
      Total |      41 |      37 |  47.4 |      13 |       1 |   7.1
            +---------+---------+-------+---------+---------+-------
        D:1 |      23 |       0 |   0.0 |      10 |       0 |   0.0
        D:2 |      18 |      37 |  67.3 |       3 |       1 |  25.0
            +---------+---------+-------+---------+---------+-------
